 Seeded DCSS version 0.29.1-13-g9f3cf754e1 (webtiles) character file.

Game seed: 1 (custom seed)

107421 Kazon the Fighter (level 16, -1/88 HPs)
             Began as a Vine Stalker Fighter on Jan 24, 2023.
             Was the Champion of Makhleb.
             Slain by a wolf spider simulacrum (2 damage)
             ... on level 3 of the Spider Nest.
             The game lasted 01:45:33 (18009 turns).

Kazon the Fighter (Vine Stalker Fighter)           Turns: 18009, Time: 01:45:34

Health: -1/88      AC: 22    Str: 21    XL:     16   Next: 46%
Magic:  0/32       EV: 16    Int:  7    God:    Makhleb [******]
Gold:   798        SH: 10    Dex: 32    Spells: 15/15 levels left

rFire   + + +      SeeInvis .   f - +2 Maxwell's thermic engine {flame, freeze}
rCold   + . .      Faith    .   c - +2 buckler
rNeg    . . .      Spirit   +   w - +6 scale mail "Voetobuo" {Int-3 Dex+8}
rPois   +          Reflect  .   l - +0 helmet
rElec   .          Harm     .   R - scarf {rC+ rF+}
rCorr   .          Rampage  .   v - +3 pair of gauntlets of War {Slay+5}
Will    ++...                   n - +2 pair of boots
Stlth   +++++.....              V - amulet "Odemouw" {Contam rPois rF+++ Regen+ Stlth+}
HPRegen 1.84/turn               P - +6 ring of dexterity
MPRegen 0.23/turn               L - ring of magical power

@: slowed, very slow
A: fangs 3, regeneration 1, magic shield, antimagic bite, no potion heal 2
a: Renounce Religion, Minor Destruction, Lesser Servant of Makhleb, Major
Destruction, Greater Servant of Makhleb


You were on level 3 of the Spider Nest.
You worshipped Makhleb.
Makhleb was exalted by your worship.
You visited 4 branches of the dungeon, and saw 23 of its levels.

You collected 1758 gold pieces.
You spent 960 gold pieces at shops.

Inventory:

Hand Weapons
 e - a +2 dagger of venom
 f - the +2 Maxwell's thermic engine (weapon) {flame, freeze}
   (You found it on level 1 of the Lair of Beasts)

   It burns those it strikes, dealing additional fire damage.
   Big, fiery blades are also staple armaments of hydra-hunters.
   It freezes those it strikes, dealing additional cold damage.
   It can also slow down cold-blooded creatures.
   It becomes more effective when it hits something.
   This effect fades over time.
 s - the +3 falchion of Winter {venom, rCorr}
   (You bought it in a shop on level 3 of the Dungeon)

   It poisons the flesh of those it strikes.
   rCorr:     It protects you from acid and corrosion.
Missiles
 q - 23 boomerangs
 t - a throwing net
 A - 5 curare-tipped darts
 H - 28 poisoned darts (quivered)
 Y - 5 datura-tipped darts
Armour
 c - a +2 buckler (worn)
 l - a +0 helmet (worn)
 n - a +2 pair of boots (worn)
 v - the +3 pair of gauntlets of War (worn) {Slay+5}
   (You acquired it on level 1 of the Dungeon)

   Slay:      It affects your accuracy & damage with ranged weapons and melee
   (+5).
 w - the +6 scale mail "Voetobuo" (worn) {Int-3 Dex+8}
   (You found it on level 14 of the Dungeon)

   Int:       It affects your intelligence (-3).
   Dex:       It affects your dexterity (+8).
 R - a scarf of resistance (worn)
Jewellery
 a - the amulet "Verum" {rN+ Regen+ Stlth+}
   (You acquired it on level 1 of the Spider Nest)

   [amulet of regeneration]

   rN:        It protects you from negative energy.
   Regen:     It increases your rate of health regeneration.
   Stlth:     It makes you more stealthy.
 m - a ring of protection from cold
 F - a ring of see invisible
 L - a ring of magical power (right hand)
 O - a ring of protection from cold
 P - a +6 ring of dexterity (left hand)
 V - the amulet "Odemouw" (around neck) {Contam rPois rF+++ Regen+ Stlth+}
   (You bought it in a shop on level 8 of the Dungeon)

   [amulet of regeneration]

   rF:        It renders you almost immune to fire.
   rPois:     It protects you from poison.
   Contam:    It causes magical contamination when unequipped.
   Regen:     It increases your rate of health regeneration.
   Stlth:     It makes you more stealthy.
Wands
 z - a wand of mindburst (32)
 B - a wand of flame (25)
 K - a wand of paralysis (26)
 M - a wand of roots (11)
 S - a wand of polymorph (10)
Scrolls
 i - a scroll of identify
 k - 6 scrolls of teleportation
 o - 4 scrolls of immolation
 p - 2 scrolls of poison
 r - 4 scrolls of fog
 y - 2 scrolls of magic mapping
 E - 2 scrolls of enchant armour {unknown}
 I - 3 scrolls of fear
 N - 2 scrolls of summoning
 Q - a scroll of blinking
 T - 2 scrolls of brand weapon {unknown}
 Z - 2 scrolls of silence
Potions
 b - 3 potions of berserk rage
 d - 4 potions of might
 g - 4 potions of haste
 h - 4 potions of flight
 x - 10 potions of lignification
 C - 3 potions of cancellation
 D - a potion of invisibility
 G - 4 potions of magic
 J - 8 potions of curing
 X - 2 potions of mutation
Miscellaneous
 j - a condenser vane (inert)
 u - a phantom mirror
 U - a phial of floods
 W - a lightning rod (2/4)


   Skills:
 + Level 11.8 Fighting
 + Level 8.2(11.1) Short Blades
 + Level 11.8(12.9) Long Blades
 + Level 8.0 Throwing
 + Level 6.0 Armour
 + Level 6.2 Dodging
 + Level 11.0 Stealth
 + Level 7.2 Shields
 + Level 8.2 Invocations
 * Level 10.5 Evocations


You had 15 spell levels left.
You didn't know any spells.
Your spell library contained the following spells:

 Spells                   Type           Power      Damage    Failure   Level
 Apportation              Tloc           0%         N/A       83%         1
 Magic Dart               Conj           0%         1d3       83%         1
 Necrotise                Necr           0%         1d4       83%         1
 Sting                    Tmut/Pois      0%         1d3       83%         1
 Summon Small Mammal      Summ           0%         N/A       83%         1
 Call Imp                 Summ           0%         N/A       92%         2
 Poisonous Vapours        Pois/Air       0%         N/A       92%         2
 Mephitic Cloud           Conj/Pois/Air  0%         N/A       99%         3
 Ozocubu's Armour         Ice            0%         N/A       99%         3
 Animate Armour           Summ/Erth      0%         N/A       100%        4
 Olgreb's Toxic Radiance  Pois           0%         N/A       100%        4
 Blade Hands              Tmut           0%         N/A       100%        5
 Fireball                 Conj/Fire      0%         3d3       100%        5
 Iskenderun's Battlesphe  Conj           0%         2d6       100%        5
 Metabolic Englaciation   Hex/Ice        0%         N/A       100%        5
 Conjure Ball Lightning   Conj/Air       0%         3x3d6     100%        6
 Iron Shot                Conj/Erth      0%         9d1       100%        6
 Simulacrum               Ice/Necr       0%         N/A       100%        6
 Orb of Destruction       Conj           0%         9d5       100%        7
 Ozocubu's Refrigeration  Ice            0%         4d7       100%        7


Dungeon Overview and Level Annotations

Branches:
Dungeon (14/15)            Temple (1/1) D:7            Lair (5/5) D:10
 Shoals (0/4) Lair:3       Spider (3/4) Lair:3        Slime (0/5) Lair:4
    Orc (0/2) D:12         Vaults (0/5) D:13

Altars:
Ashenzari
Elyvilon
Gozag
Hepliaklqana
Kikubaaqudgha
Makhleb
Okawaru
Uskayaw
Jiyva

Shops:
D:3 (   D:8 ?(==   D:10 :   D:13 !

Annotations:
D:14 3 runed translucent doors, Ehaok's ghost, journeyman DsGl


Innate Abilities, Weirdness & Mutations

You have razor-sharp teeth.
Your natural rate of healing is unusually fast.
When hurt, damage is shared between your health and your magic reserves.
Your bite disrupts and absorbs the magic of your enemies.
Potions cannot restore your health.


Message History

The jumping spider leaps!
A wolf spider simulacrum comes into view.
You closely miss the redback simulacrum.
You bite the redback simulacrum.
The redback simulacrum vaporises!
The culicivora simulacrum bites you but does no damage.
The wolf spider simulacrum hits you. The wolf spider simulacrum freezes you!
You resist.
You block the wolf spider simulacrum's attack.
The culicivora simulacrum bites you. The culicivora simulacrum freezes you!
You resist.
The jumping spider leaps!
The wolf spider simulacrum hits you! The wolf spider simulacrum freezes you!
You resist.
* * * LOW HITPOINT WARNING * * *
The wolf spider simulacrum barely misses you.
The culicivora simulacrum misses you.
Really stalk into that cloud of freezing vapour? [Y]es or [N]o only, please.
Really stalk into that cloud of freezing vapour? [Y]es or [N]o only, please.
Really stalk into that cloud of freezing vapour?
Okay, then.
Unknown command.
Clouds of freezing vapour condense around you!
The condenser dries out!
The redback is engulfed in freezing vapours.
The wolf spider simulacrum hits you!
* * * LOW HITPOINT WARNING * * *
The wolf spider simulacrum freezes you! You resist.
* * * LOW HITPOINT WARNING * * *
The wolf spider simulacrum bites you but does no damage.
The tarantella is engulfed in freezing vapours.
The redback is engulfed in freezing vapours. x2
The redback bites you but does no damage.
The jumping spider is engulfed in freezing vapours.
The wolf spider simulacrum hits you.
* * * LOW HITPOINT WARNING * * *
The wolf spider simulacrum freezes you! You resist.
* * * LOW HITPOINT WARNING * * *
The wolf spider simulacrum bites you.
You die...

.. #..
#.°. #§§#
.#§§§Z
s^§§Zw#
..§§ZsZ###
..§Zsss@°#
..§§##Zs##
. ####


You could see a torpor snail (soul bound, very poisoned), 2 jumping spiders, a
tarantella, 3 redbacks, 2 wolf spider simulacra, 2 redback simulacra and 2
culicivora simulacra.

Vanquished Creatures
  Rupert (D:12)
  2 emperor scorpions
  A ghost moth (Spider:1)
  A frost giant (D:13)
  2 broodmothers
  Nessos (D:12)
  Snorg (D:14)
  Azrael (D:13)
  An entropy weaver (Spider:1)
  A fire dragon (D:13)
  4 boulder beetles
  Fannar (Lair:2)
  3 hydras
  Erolcha (D:10)
  4 catoblepae
  4 centaur warriors
  A death knight (D:14)
  3 two-headed ogres
  10 death yaks
  A pharaoh ant (Spider:3)
  5 skeletal warriors
  A fire crab (D:13)
  A sun moth (Spider:1)
  Lodul (D:12)
  3 steelbarb worms
  3 spriggan simulacra (D:14)
  3 orb spiders
  A wizard (D:14)
  5 spectral wolf spiders (Spider:1)
  6 wolf spider zombies (Spider:1)
  14 wolf spiders
  3 cyclopes
  A deep elf pyromancer (D:13)
  6 ugly things
  4 manticores
  5 elephants (Lair:4)
  5 black mambas
  11 cane toads
  4 torpor snails
  Maggie (D:6)
  4 rime drakes
  2 unseen horrors
  14 komodo dragons
  7 demonic crawlers
  4 kobold demonologists (D:11)
  2 freezing wraiths (D:14)
  A tengu conjurer (D:12)
  An efreet (D:14)
  4 trolls
  Prince Ribbit (D:9)
  A meliai (shapeshifter) (D:13)
  A polar bear (Lair:4)
  2 wolf spider simulacra (Spider:1)
  11 tarantellas (Spider:1)
  17 blink frogs
  5 dream sheep (Lair:4)
  A snapping turtle (Lair:3)
  2 shadows
  11 jumping spiders
  2 vampires
  63 yaks
  14 culicivoras
  2 wraiths (D:12)
  2 fire elementals (D:13)
  5 wyverns
  5 basilisks
  Eustachio (D:5)
  23 redbacks
  6 vampire mosquitoes
  2 steam dragons
  3 minotaur simulacra (D:14)
  Menkaure (D:5)
  Edmund (D:6)
  2 acid dragons
  16 water moccasins
  2 hell hounds (D:13)
  5 orc warriors
  An ice beast (D:8)
  5 sky beasts
  2 black bears (D:6)
  5 centaurs
  7 ogres
  A wolf (D:10)
  2 phantoms (D:6)
  3 kobold brigands
  3 necrophages
  6 bullfrogs
  2 deep troll simulacra (D:14)
  A gnoll sergeant (D:7)
  10 scorpions
  21 wights
  3 killer bees (D:10)
  3 electric eels
  A howler monkey (D:5)
  2 jellies (D:6)
  6 hounds
  7 orc priests
  A gnoll bouda (D:7)
  6 iguanas
  4 hell rats (Lair:3)
  4 orc wizards
  Robin (D:3)
  15 gnolls
  13 adders
  3 shadow imps
  2 white imps (D:7)
  An ufetubus (D:5)
  4 worms
  37 orcs
  11 endoplasms
  3 giant cockroaches
  16 goblins
  9 hobgoblins
  A jackal (D:4)
  27 kobolds
  A quokka (D:1)
  5 ball pythons
  4 bats
  3 frilled lizards
  6 rats
641 creatures vanquished.

Vanquished Creatures (collateral kills)
  A redback (Spider:1)
1 creature vanquished.

Vanquished Creatures (others)
  2 centaur simulacra (D:14)
  19 fungi
  30 plants
51 creatures vanquished.

Grand Total: 693 creatures vanquished

Notes
Turn   | Place    | Note
-------+----------+-------------------------------------------
     0 | D:1      | Kazon the Vine Stalker Fighter began the quest for the Orb.
     0 | D:1      | Reached XP level 1. HP: 11/11 MP: 2/2
    36 | D:1      | Identified a scroll of acquirement
    36 | D:1      | Acquired the +3 pair of gauntlets of War {Slay+5}
    36 | D:1      | Found the +3 pair of gauntlets of War {Slay+5}
   124 | D:1      | Reached XP level 2. HP: 14/16 MP: 1/3
   724 | D:2      | Reached XP level 3. HP: 17/20 MP: 2/4
  1084 | D:2      | Gained mutation: Your natural rate of healing is unusually
                  | fast. [Vine Stalker growth]
  1084 | D:2      | Reached XP level 4. HP: 24/24 MP: 5/5
  1359 | D:3      | Found Umat's Antique Weapon Boutique.
  1387 | D:3      | Bought a crude falchion for 184 gold pieces
  1387 | D:3      | Identified the +3 falchion of Winter {venom, rCorr} (You
                  | bought it in a shop on level 3 of the Dungeon)
  1570 | D:3      | Reached XP level 5. HP: 23/28 MP: 4/6
  1660 | D:3      | Noticed Robin
  1677 | D:3      | Killed Robin
  1720 | D:3      | Reached skill level 5 in Fighting
  1720 | D:3      | Reached skill level 5 in Long Blades
  1720 | D:3      | Reached skill level 5 in Stealth
  1720 | D:3      | Reached XP level 6. HP: 35/35 MP: 7/7
  2167 | D:4      | Reached XP level 7. HP: 39/39 MP: 8/8
  2405 | D:4      | Found a hazy altar of Hepliaklqana.
  2770 | D:5      | Entered Level 5 of the Dungeon
  2804 | D:5      | Noticed Eustachio
  2822 | D:5      | Killed Eustachio
  2823 | D:5      | Reached skill level 1 in Evocations
  2823 | D:5      | Gained mutation: You have razor-sharp teeth. [Vine Stalker
                  | growth]
  2823 | D:5      | Reached XP level 8. HP: 42/43 MP: 9/9
  2825 | D:5      | Reached skill level 5 in Shields
  3041 | D:5      | Noticed Menkaure
  3049 | D:5      | Killed Menkaure
  3617 | D:6      | Reached XP level 9. HP: 47/47 MP: 10/10
  3872 | D:7      | Found a staircase to the Ecumenical Temple.
  3883 | Temple   | Entered the Ecumenical Temple
  3888 | Temple   | Became a worshipper of Makhleb the Destroyer
  3923 | D:7      | Found a hide-covered altar of Uskayaw.
  4011 | D:6      | Reached skill level 5 in Short Blades
  4066 | D:6      | Noticed Edmund
  4075 | D:6      | Reached * piety under Makhleb
  4083 | D:6      | Killed Edmund
  4231 | D:6      | Reached XP level 10. HP: 53/53 MP: 11/11
  4302 | D:6      | Noticed Maggie
  4319 | D:6      | Killed Maggie
  4320 | D:6      | Reached skill level 5 in Armour
  4320 | D:6      | Reached skill level 1 in Invocations
  4735 | D:7      | Found a white marble altar of Elyvilon.
  4978 | D:8      | Found Quzidd's Magic Scroll Emporium.
  4983 | D:8      | Bought a scroll of teleportation for 42 gold pieces
  5164 | D:8      | Found Zoxtaeshakh's Jewellery Boutique.
  5228 | D:8      | Found Heidghoki's Jewellery Shop.
  5322 | D:8      | Found Esumer's Weapon Shop.
  5498 | D:8      | Reached ** piety under Makhleb
  6135 | D:9      | Noticed a two-headed ogre
  6153 | D:9      | Killed a two-headed ogre
  6171 | D:9      | Reached XP level 11. HP: 58/58 MP: 13/13
  6303 | D:9      | Noticed Prince Ribbit
  6336 | D:9      | Killed Prince Ribbit
  6511 | D:10     | Entered Level 10 of the Dungeon
  6581 | D:10     | Found a staircase to the Lair.
  6584 | D:10     | Reached *** piety under Makhleb
  6690 | D:10     | Noticed Erolcha
  6692 | D:10     | Killed Erolcha
  6693 | D:10     | Reached skill level 5 in Evocations
  6711 | D:10     | Identified the +5 long sword of the Land of Plenty {drain,
                  | Dex+3}
  6745 | D:10     | Found Juagoaq's Book Shoppe.
  7244 | D:10     | Reached skill level 5 in Throwing
  7355 | D:10     | Reached **** piety under Makhleb
  7709 | D:11     | Noticed a green ugly thing
  7720 | D:11     | Killed a green ugly thing
  7823 | D:11     | Reached XP level 12. HP: 63/63 MP: 16/16
  8415 | D:12     | Noticed Lodul
  8430 | D:12     | Killed Lodul
  8431 | D:12     | Reached skill level 5 in Invocations
  8573 | D:8      | Bought the amulet "Odemouw" {Contam rPois rF+++ Regen+
                  | Stlth+} for 734 gold pieces
  8644 | Lair:1   | Entered Level 1 of the Lair of Beasts
  8712 | Lair:1   | Found the +2 Maxwell's thermic engine {flame, freeze}
  8820 | Lair:1   | Reached ***** piety under Makhleb
  9943 | Lair:2   | Reached XP level 13. HP: 65/69 MP: 18/18
  9985 | Lair:2   | Noticed Fannar
 10004 | Lair:2   | Killed Fannar
 10347 | Lair:3   | Found a hole to the Spider Nest.
 10604 | Lair:3   | Found an ancient bone altar of Kikubaaqudgha.
 10667 | Lair:3   | Found a staircase to the Shoals.
 11299 | Lair:4   | Identified the +3 battleaxe "Adididghufym" {antimagic, rF+
                  | Will+}
 11493 | Lair:4   | Found a staircase to the Slime Pits.
 11494 | Lair:4   | Found a viscous altar of Jiyva.
 11768 | Lair:5   | Entered Level 5 of the Lair of Beasts
 11829 | Lair:5   | Reached skill level 5 in Dodging
 11882 | Lair:5   | Reached ****** piety under Makhleb
 11892 | Lair:5   | Reached XP level 14. HP: 75/75 MP: 20/20
 13143 | D:12     | Noticed Rupert
 13157 | D:12     | Killed Rupert
 13158 | D:12     | Reached skill level 10 in Long Blades
 13469 | D:12     | Found a staircase to the Orcish Mines.
 13539 | D:12     | Noticed Nessos
 13560 | D:12     | Killed Nessos
 13715 | Spider:1 | Entered Level 1 of the Spider Nest
 13786 | Spider:1 | Reached skill level 10 in Fighting
 14016 | Spider:1 | Reached skill level 10 in Stealth
 14175 | Spider:1 | Noticed an entropy weaver
 14193 | Spider:1 | Killed an entropy weaver
 14194 | Spider:1 | Reached XP level 15. HP: 60/81 MP: 15/22
 14347 | Spider:1 | Acquired the amulet "Verum" {rN+ Regen+ Stlth+}
 14614 | Spider:1 | Noticed an emperor scorpion
 14623 | Spider:1 | Killed an emperor scorpion
 14667 | Spider:1 | Noticed a ghost moth
 14688 | Spider:1 | Killed a ghost moth
 15398 | D:13     | Noticed Azrael
 15415 | D:13     | Killed Azrael
 15555 | D:13     | Found Ituota Roil's Distillery.
 16038 | D:13     | Noticed a frost giant
 16038 | D:13     | a vault guard changed into a frost giant
 16043 | D:13     | Killed a frost giant
 16060 | D:13     | Found a gate to the Vaults.
 16168 | D:14     | Found a runed translucent gate.
 16168 | D:14     | Found a runed translucent gate.
 16169 | D:14     | Found a runed translucent gate.
 16183 | D:14     | Noticed Ehaok's ghost (journeyman DsGl)
 16268 | D:14     | Noticed Snorg
 16270 | D:14     | Killed Snorg
 16271 | D:14     | Reached skill level 10 in Evocations
 16296 | D:14     | Identified the +6 scale mail "Voetobuo" {Int-3 Dex+8}
 16376 | D:14     | Reached XP level 16. HP: 88/88 MP: 23/23
 16388 | D:14     | Found a frozen archway.
 16859 | D:14     | Noticed a titan
 16859 | D:14     | an iron dragon changed into a titan
 16864 | D:14     | Noticed a shard shrike
 16864 | D:14     | a titan changed into a shard shrike
 16873 | D:14     | Noticed a rockslime
 16873 | D:14     | Noticed a shard shrike
 16873 | D:14     | a rockslime changed into a shard shrike
 16874 | D:14     | Noticed a rockslime
 16874 | D:14     | a shard shrike changed into a rockslime
 16875 | D:14     | Noticed a juggernaut
 16875 | D:14     | a rockslime changed into a juggernaut
 16885 | D:14     | Noticed a golden dragon
 16885 | D:14     | a juggernaut changed into a golden dragon
 16892 | D:14     | Noticed an iron giant
 16892 | D:14     | a golden dragon changed into an iron giant
 16896 | D:14     | Noticed an acid blob
 16896 | D:14     | an iron giant changed into an acid blob
 16911 | D:14     | Noticed a shadow dragon
 16911 | D:14     | an acid blob changed into a shadow dragon
 16926 | D:14     | a shadow dragon changed into a fire giant
 16936 | D:14     | Noticed a shadow dragon
 16939 | D:14     | a shadow dragon changed into a frost giant
 16943 | D:14     | Noticed a quicksilver dragon
 16943 | D:14     | a frost giant changed into a quicksilver dragon
 16948 | D:14     | a quicksilver dragon changed into a frost giant
 16954 | D:14     | Noticed an iron giant
 16954 | D:14     | a stone giant changed into an iron giant
 16955 | D:14     | an iron giant changed into an iron dragon
 16957 | D:14     | Noticed an iron giant
 16957 | D:14     | an iron dragon changed into an iron giant
 16958 | D:14     | an iron giant changed into an iron dragon
 16961 | D:14     | Noticed a shadow dragon
 16961 | D:14     | an iron dragon changed into a shadow dragon
 16972 | D:14     | a shadow dragon changed into an alligator snapping turtle
 16974 | D:14     | Noticed a shadow dragon
 16974 | D:14     | an alligator snapping turtle changed into a shadow dragon
 16979 | D:14     | a shadow dragon changed into an eleionoma
 16991 | D:14     | Noticed a storm dragon
 16991 | D:14     | a seven-headed hydra changed into a storm dragon
 17006 | D:14     | Noticed an acid blob
 17006 | D:14     | an eleionoma changed into an acid blob
 17007 | D:14     | Noticed a golden dragon
 17007 | D:14     | an acid blob changed into a golden dragon
 17007 | D:14     | a storm dragon changed into a quicksilver ooze
 17009 | D:14     | Noticed an acid blob
 17009 | D:14     | a golden dragon changed into an acid blob
 17012 | D:14     | Noticed a golden dragon
 17012 | D:14     | an acid blob changed into a golden dragon
 17013 | D:14     | Noticed a titan
 17013 | D:14     | a golden dragon changed into a titan
 17014 | D:14     | Noticed a rockslime
 17014 | D:14     | a titan changed into a rockslime
 17015 | D:14     | Noticed a juggernaut
 17015 | D:14     | a rockslime changed into a juggernaut
 17024 | D:14     | Noticed a shard shrike
 17024 | D:14     | a juggernaut changed into a shard shrike
 18009 | Spider:3 | HP: 1/88 [wolf spider simulacrum (6)]
 18009 | Spider:3 | Slain by a wolf spider simulacrum

Illustrated notes

Levels and vault maps discovered:
D:1:      dpeg_arrival_three_smaller_balls, layout_basic
D:2:      layout_loops_ring
D:3:      layout_basic, serial_shops, nicolae_shop_stone, st_stairs_9,
          minmay_misc_feat_doors, eino_curves_03, uniq_robin
D:4:      minmay_wonky_spiral, layout_basic,
          mainiacjoe_overflow_surrounded_room, minivault_5
D:5:      layout_cave_pods, uniq_menkaure, uniq_eustachio
D:6:      cheibrodos_barr_body, layout_basic, minmay_crystal_room,
          minmay_pentangle, uniq_maggie, uniq_edmund
D:7:      layout_cave_pools, nicolae_uskayaw_murder_on_the_dancefloor,
          elyvilon_altar_4, minmay_temple_entry_purple_smoke
D:8:      layout_basic, serial_shops, shop_statue, kennysheep_little_box, shop,
          nicolae_shop_window_shopping
D:9:      layout_cave_pools, uniq_prince_ribbit1
D:10:     layout_stronghold, erik_lair_island, serial_shops,
          nicolae_shop_statue_plus, uniq_erolcha
D:11:     layout_roguey
D:12:     layout_loops_ring, orc_0_dummy, chequers_serial_rivers_marsh,
          uniq_lodul, uniq_nessos, uniq_rupert
D:13:     layout_gridville, david_vaults_5, serial_shops,
          nicolae_shop_behind_doors, minmay_fractal_squares_gapless_5,
          uniq_azrael
D:14:     layout_roguey, minmay_misc_feat_secret_circle, gammafunk_ghost_split,
          portal_ice_cave_entry_ice_simulacra, uniq_snorg
Temple:   nicolae_temple_bog_church
Lair:1:   layout_long_grid, fungi_pond_lemuel, cheibrodos_lair_reptile_den
Lair:2:   layout_gridlike, uniq_fannar
Lair:3:   layout_roguey, minmay_shoals_entry_hut,
          nicolae_spider_entry_non_spiders, basic_altar, serial_bayou_crossing
Lair:4:   layout_gridlike, slime_entry_1, serial_rivers,
          chequers_serial_rivers_room_a, chequers_serial_rivers_micro_c,
          chequers_serial_rivers_room_a, chequers_serial_rivers_micro_e,
          minivault_27, grunt_megastairs_3, infiniplex_staircase_pool_2
Lair:5:   evilmike_catoblepas_cave, layout_long_grid
Spider:1: layout_chambers, nicolae_spider_undead_wolf_pack
Spider:2: layout_cave_pods
Spider:3: layout_spider_delve

Skill      XL: |  1  2  3  4  5  6  7  8  9 10 11 12 13 14 15 16 |
---------------+-------------------------------------------------+-----
Long Blades    | 2 3 5 6 7 9 10 11 | 11.8
Fighting       | 3 5 6 7 8 9 10 11 | 11.8
Shields        | 3 4 5 6 7 |  7.2
Short Blades   | 3 4 5 6 7 8 |  8.2
Throwing       | 3 4 5 6 7 8 |  8.0
Armour         | 4 5 6 |  6.0
Dodging        | 3 4 5 6 |  6.2
Stealth        | 5 6 7 8 9 10 11 | 11.0
Evocations     | 1 2 3 4 5 6 7 8 10 | 10.5
Invocations    | 2 4 6 7 8 |  8.2

Action                   |  1- 3 |  4- 6 |  7- 9 | 10-12 | 13-15 | 16-18 || total
-------------------------+-------+-------+-------+-------+-------+-------++-------
Melee: Long sword        |    54 |       |       |     6 |       |       ||    60
       Bite              |     7 |    19 |    79 |   223 |   295 |    55 ||   678
       Dagger            |     5 |    59 |    88 |   180 |   274 |    18 ||   624
       Falchion          |       |       |    49 |   161 |     7 |       ||   217
       Rapier            |       |       |    49 |   169 |       |       ||   218
       Double sword      |       |       |       |     8 |   397 |    90 ||   495
Throw: Stone             |    11 |    20 |    33 |    74 |       |       ||   138
       Boomerang         |       |     7 |     8 |    43 |    29 |     5 ||    92
       Dart              |       |       |       |     8 |    91 |    19 ||   118
Invok: Minor Destruction |       |       |       |     8 |    41 |       ||    49
       Lesser Servant of |       |       |       |       |     2 |       ||     2
Evoke: Wand              |       |       |     2 |       |    14 |    14 ||    30
       Phantom mirror    |       |       |       |       |     1 |       ||     1
       Lightning rod     |       |       |       |       |     2 |     4 ||     6
       Phial of floods   |       |       |       |       |     1 |       ||     1
       Condenser vane    |       |       |       |       |       |     1 ||     1
  Use: Scroll            |     1 |       |     3 |    12 |     7 |     1 ||    24
       Potion            |       |     2 |     1 |       |     1 |       ||     4
 Stab: Sleeping          |       |     1 |    10 |    21 |    33 |     5 ||    70
       Distracted        |       |       |       |     1 |     1 |       ||     2
Armor: Scale mail        |    17 |    16 |    25 |       |       |    47 ||   105
       Leather armour    |       |       |    26 |    28 |       |       ||    54
       Troll leather arm |       |       |       |    58 |   189 |       ||   247
Dodge: Dodged            |    40 |    20 |    75 |   186 |   263 |    51 ||   635
Block: Buckler           |    14 |    13 |    25 |    89 |   220 |    42 ||   403
